Unix NetHack Version 5.0.0-0 post-release - last build May 23 2026 06:08:33 (1c0ff79ee797540d5714e4e18072db0edd9e58ae,branch:main).

Game began 2026-05-28 02:33:30, ended 2026-05-28 03:10:38.

Brudee, neutral female human Tourist

                        ---------------------------------#
                        |................................#
                        |.---------------.-----------...|#
                        |.|.!.+|...|(((.|*-....|(((.-...|###
                        |.-.?].|...|((/.|.| ...|(.((|...|# #
                        +.|.!).|...|(((.-.|   .|.(..|...|# #
                        |[--------|------.----------|...|# #
                        |.............{....|.@u.|...|...|# ##
                        ..----|-...........|.@*.|...|...|#  ###   -------
                     #%#|.|..|..|..........|....|...|...|#    #   |.....|
                      ##..|..|..|.........{|....|...|...|#########.....<|
                      ##+.-|-----..........-|-----|--...|#        |.....|
                    ##)#|.............(..................#        -----|-
       --------.-- #### |"----..----....----|--|-----...|###############
       |......)..|###   |.+  |..|..|....-..|..|..|..-...|
       |.......>.-)#    |.|  |..|..-....|..|..|..|..|...|
       |...).....|      ---  ----------------------------
       -----------

Brudee the Excursionist     St:8 Dx:13 Co:11 In:15 Wi:10 Ch:15  Neutral S:3242
Dlvl:8  $:108 HP:0(45) Pw:29(29) AC:-1 Xp:7/688 T:3485  Burdened

Latest messages:
 You throw 2 darts.
 The 1st dart hits the gray ooze.
 The 2nd dart hits the gray ooze!
 In what direction? h
 The dart hits the gray ooze!
 You hit the gray ooze.
 In what direction? h
 You kill the gray ooze!
 You have a little trouble lifting R - 4 blessed +2 darts (at the ready) (9 in total).
 You hear someone beseeching Blind Io.
 You see here a looking glass.
 In what direction? l
 You throw 2 darts.
 In what direction? l
 The dart hits the rabid rat.
 In what direction? l
 The dart hits the rabid rat!
 You kill the rabid rat!
 You have a little trouble lifting R - a blessed +2 dart (at the ready) (6 in total).
 You have a little trouble lifting R - a blessed +2 dart (at the ready) (7 in total).
 You have a little trouble lifting R - 2 blessed +2 darts (at the ready) (9 in total).
 You have a forbidding feeling...
 The black unicorn misses!
 The black unicorn kicks!
 The black unicorn just misses!
 The black unicorn kicks!
 In what direction? u
 The dart hits the black unicorn.
 The black unicorn misses!
 The black unicorn just misses!
 The black unicorn butts!
 The black unicorn kicks!
 The black unicorn butts!
 The black unicorn kicks!
 The black unicorn misses!
 The black unicorn kicks!
 In what direction? u
 The dart hits the black unicorn!
 The black unicorn misses!
 The black unicorn kicks!
 The black unicorn butts!
 The black unicorn misses!
 You don't have anything to drink.
 In what direction? u
 The dart hits the black unicorn!
 The black unicorn butts!
 You die...
 Do you want your possessions identified? [ynq] (y) y
 Do you want to see your attributes? [ynq] (y) y
 Do you want an account of creatures vanquished? [ynaq] (y) q

Inventory:
 Coins    ('$')
  $ - 108 gold pieces
 Weapons  (')')
  x - 6 +0 elven arrows
  R - 6 blessed +2 darts (at the ready)
  Q - 13 blessed +1 darts
  z - a +0 dagger
  y - a +0 elven short sword (weapon in right hand)
 Armor    ('[')
  Y - an uncursed +0 dwarvish iron helm (being worn)
  h - an uncursed +2 dwarvish roundshield (being worn)
  i - a cursed -1 dwarvish cloak (being worn)
  k - an uncursed +0 Hawaiian shirt with a ukulele motif (being worn)
  U - an uncursed +0 dwarvish mithril-coat (being worn)
 Comestibles  ('%')
  c - an uncursed slime mold
  e - an uncursed cram ration
  b - 5 uncursed food rations
  g - an uncursed fortune cookie
  f - 2 uncursed lembas wafers
  d - 2 uncursed tripe rations
 Rings    ('=')
  I - a cursed +0 ring of adornment (on right hand)
 Wands    ('/')
  A - a wand of cold (0:0)
 Tools    ('(')
  m - an uncursed credit card
  l - an expensive camera (0:29)
  O - an uncursed pair of lenses (being worn)
  j - a +0 pick-axe
 Gems/Stones  ('*')
  s - an uncursed luckstone
  M - an uncursed touchstone

Brudee the Tourist's attributes:

Background:
 You were an Excursionist, a level 7 female human Tourist.
 You were neutral, on a mission for The Lady
 who was opposed by Blind Io (lawful) and Offler (chaotic).
 You were right-handed.
 You were in the Gnomish Mines, on level 8.
 You entered the dungeon 3485 turns ago.
 It was nighttime.
 You had 688 experience points, 592 more were needed to attain level 8.
 Your score was 3242 before end-of-game adjustments.

Basics:
 You had 0 out of 45 hit points.
 You had all 29 energy points (spell power).
 Your armor class was -1.
 Your wallet contained 108 zorkmids.
 Autopickup was on for '$!=+?/"' plus thrown.

Final Characteristics:
 Your strength was 8 (peak:11, limit:18/100).
 Your dexterity was 13 (peak:14, limit:18).
 Your constitution was 11 (limit:18).
 Your intelligence was 15 (limit:18).
 Your wisdom was 10 (limit:18).
 Your charisma was 15 (limit:18).

Final Status:
 You weren't hungry.
 You were burdened; movement was slightly slowed.
 You were wielding a short sword.
 You were unskilled in short sword.

Final Attributes:
 You were fervently aligned.
 Your items were somewhat protected from fire.
 Your items were somewhat protected from cold.
 You were charismatic.
 You were guarded.
 Your spell casting was impaired by metallic armor.
 You were lucky.
 You had extra luck.
 Bad luck did not time out for you.
 Good luck did not time out for you.
 You are dead.

Miscellaneous:
 You didn't encounter any bones levels.
 Total elapsed playing time was 37 minutes and 8 seconds.

Major events:
 Turn
    1: Brudee the neutral female human Tourist entered the dungeon
  392: entered the Gnomish Mines
  582: attained the rank of Sightseer (level 3)
 1679: attained the rank of Excursionist (level 6)
 2530: reached Mine Town
 3485: killed by a black unicorn

Spells:
 Name                 Level Category     Fail Retention
 force bolt             1   attack       100%  76%-100%

Skills:
 Fighting Skills
   bare handed combat [Unskilled]
   two weapon combat  [Unskilled]
   riding             [Unskilled]
 Weapon Skills
   dagger             [Unskilled]
   knife              [Unskilled]
   axe                [Unskilled]
   pick-axe           [Unskilled]
   short sword        [Unskilled]
   broadsword         [Unskilled]
   long sword         [Unskilled]
   two-handed sword   [Unskilled]
   saber              [Unskilled]
   mace               [Unskilled]
   morning star       [Unskilled]
   flail              [Unskilled]
   hammer             [Unskilled]
   quarterstaff       [Unskilled]
   polearms           [Unskilled]
   spear              [Unskilled]
   trident            [Unskilled]
   lance              [Unskilled]
   bow                [Unskilled]
   sling              [Unskilled]
   crossbow           [Unskilled]
   dart               [Skilled]
   shuriken           [Unskilled]
   boomerang          [Unskilled]
   whip               [Unskilled]
   unicorn horn       [Unskilled]
 Spellcasting Skills
   divination spells  [Unskilled]
   enchantment spells [Unskilled]
   escape spells      [Unskilled]

Voluntary challenges:
 Character rerolling was not enabled.
 You never genocided any monsters.
 You never polymorphed an object.
 You never changed form.
 You used no wishes.
Achievements:
 You entered the Gnomish Mines.
 You attained the rank of Sightseer.
 You entered a shop.
 You attained the rank of Excursionist.
 You entered Minetown.
 You entered a temple.

 The Dungeons of Doom: levels 1 to 5
    Level 1:
    Level 2:
       A scroll shop.
    Level 3:
       A general store.
    Level 4:
       A fountain, a sink.
       Stairs down to The Gnomish Mines.
    Level 5:
       Many fountains.
       Oracle of Delphi.
 The Gnomish Mines: levels 5 to 9
    Level 5:
    Level 6:
    Level 7:
    Level 8: <- You were here.
       Many shops, a temple and an altar, some fountains.
       Final resting place for
          you, killed by a black unicorn.
    Level 9:


Vanquished creatures:
  a crocodile
  a spotted jelly
  a raven
  a snake
  a Woodland-elf
  a mountain nymph
  a rock piercer
  a shrieker
  5 gnome leaders
  3 gnomish wizards
  a kobold mummy
  a gray ooze
  a ghoul
  2 giant ants
  a kitten
  5 dwarves
  a rothe
  a rabid rat
  2 hobbits
  a large kobold
  2 cave spiders
  a green mold
 24 gnomes
  a gnome zombie
  3 geckos
  a jackal
  2 sewer rats
  a grid bug
  3 lichens
  3 newts
73 creatures vanquished.

No species were genocided or became extinct.

Game over:
                       ----------
                      /          \
                     /    REST    \
                    /      IN      \
                   /     PEACE      \
                  /                  \
                  |      Brudee      |
                  |      108 Au      |
                  |   killed by a    |
                  |  black unicorn   |
                  |                  |
                  |                  |
                  |       2026       |
                 *|     *  *  *      | *
        _________)/\\_//(\/(/\)/\//\/|_)_______

Aloha Brudee the Tourist...

You died in The Gnomish Mines on dungeon level 8 with 3242 points,
and 108 pieces of gold, after 3485 moves.
You were level 7 with a maximum of 45 hit points when you died.

